 Dungeon Crawl Stone Soup version 0.22-a0-40-g3d2f077 (webtiles) character file.

450 zeke the Chopper (level 6, -4/56 HPs)
             Began as a Minotaur Fighter on Jan 4, 2018.
             Was a Follower of Okawaru.
             Slain by an orc priest
             ... wielding a +0 trident
              (5 damage)
             ... on level 5 of the Dungeon.
             The game lasted 00:03:58 (2746 turns).

zeke the Chopper (Minotaur Fighter)                 Turns: 2746, Time: 00:03:58

Health: -4/56      AC:  6    Str: 23    XL:     6   Next: 74%
Magic:  5/5        EV:  7    Int:  5    God:    Okawaru [*.....]
Gold:   273        SH:  9    Dex:  9    Spells: 5/5 levels left

rFire    . . .     SeeInvis .   a - +0 war axe
rCold    . . .     Gourm    .   c - +0 shield
rNeg     . . .     Faith    .   b - +0 scale mail
rPois    .         Spirit   .   (helmet restricted)
rElec    .         Reflect  .   (no cloak)
rCorr    .         Harm     .   (no gloves)
MR       .....                  (no boots)
Stlth    ..........             (no amulet)
HPRegen  0.18/turn              (no ring)
MPRegen  0.09/turn              (no ring)

@: starving, heavily drained
A: retaliatory headbutt, horns 2
a: Heroism, Renounce Religion


You were on level 5 of the Dungeon.
You worshipped Okawaru.
Okawaru was aware of your devotion.
You were starving.

You visited 1 branch of the dungeon, and saw 5 of its levels.

You collected 273 gold pieces.

Inventory:

Hand Weapons
 a - a +0 war axe (weapon)
Armour
 b - a +0 scale mail (worn)
 c - a +0 shield (worn)
Jewellery
 p - a +2 ring of protection {unknown}
 u - a +5 ring of protection {unknown}
 w - an uncursed amulet of harm {unknown}
 y - an uncursed amulet of the gourmand {unknown}
 A - an uncursed ring of resist corrosion {unknown}
Scrolls
 g - 7 scrolls of identify {unknown}
 i - 4 scrolls of teleportation {unknown}
 j - 2 scrolls of remove curse {unknown}
 m - 3 scrolls of enchant armour {unknown}
 o - a scroll of amnesia {unknown}
 q - a scroll of noise {unknown}
 r - a scroll of random uselessness {unknown}
 s - a scroll of enchant weapon {unknown}
 t - a scroll of blinking {unknown}
 v - 2 scrolls of fog {unknown}
Potions
 d - a potion of might
 e - 3 potions of haste {unknown}
 h - 3 potions of magic {unknown}
 k - 3 potions of degeneration {unknown}
 l - 4 potions of curing {unknown}
 n - a potion of mutation {unknown}
 x - a potion of brilliance {unknown}
 z - a potion of cancellation {unknown}
Comestibles
 f - 7 rations


   Skills:
 + Level 5.1(3.8) Fighting
 * Level 6.5(5.1) Axes
 + Level 4.7(3.4) Armour
 + Level 1.1(0.0) Dodging
 + Level 4.7(3.4) Shields


You had 5 spell levels left.
You didn't know any spells.

Dungeon Overview and Level Annotations

Branches:
Dungeon (5/15)
 Temple: D:4-7

Altars:
Fedhas
Makhleb
Okawaru
Uskayaw


Innate Abilities, Weirdness & Mutations

You reflexively headbutt those who attack you in melee.
You have a pair of horns on your head.


Message History

You block the crimson imp's attack.
The wight hits you with a war axe of freezing.
* * * LOW HITPOINT WARNING * * *
You feel drained.
* * * LOW HITPOINT WARNING * * *
The wight freezes you.
* * * LOW HITPOINT WARNING * * *
The orc priest looks encouraged for a moment.
You hit the orc priest but do no damage.
The orc priest is severely wounded.
You closely miss the wight. You hit the wight. x2
The wight hits you with an enchanted long sword.
* * * LOW HITPOINT WARNING * * *
You feel drained.
* * * LOW HITPOINT WARNING * * *
The wight hits you with a long sword.
* * * LOW HITPOINT WARNING * * *
The crimson imp hits you but does no damage.
The orc priest hits you with a trident.
You die...

..# #####.. .......
...z...##
..5.....#######
............... #5..#
#z#z## #z@o.# ##.#......
#.# ..... #.# ##.. #.# .
#.# ....#
###########.### .......
#........##...# ........
#........####.##........


You could see 3 wights, an orc priest and a crimson imp.

Vanquished Creatures
  A black bear (D:5)
  A howler monkey (D:4)
  2 crimson imps (D:5)
  An orc wizard (D:4)
  2 worker ants (D:4)
  A hound zombie (D:5)
  5 adders
  2 oozes
  3 worms
  3 leopard geckos
  10 orcs
  3 ball pythons
  3 giant cockroaches
  7 goblins
  10 hobgoblins
  5 jackals
  10 kobolds
  2 quokkas
  12 bats
  7 frilled lizards
  14 rats
104 creatures vanquished.

Notes
Turn   | Place    | Note
-------+----------+-------------------------------------------
     0 | D:1      | zeke the Minotaur Fighter began the quest for the Orb.
     0 | D:1      | Reached XP level 1. HP: 19/19 MP: 0/0
    17 | D:1      | Reached XP level 2. HP: 20/27 MP: 1/1
   220 | D:1      | Reached skill level 3 in Axes
   401 | D:1      | Reached XP level 3. HP: 30/33 MP: 2/2
   645 | D:2      | Found a hide-covered altar of Uskayaw.
   645 | D:2      | Noticed a hand axe
   645 | D:2      | Noticed a dagger
   756 | D:2      | Reached XP level 4. HP: 37/41 MP: 3/3
  1150 | D:2      | Reached skill level 4 in Axes
  1225 | D:3      | Found an iron altar of Okawaru.
  1233 | D:3      | Became a worshipper of Warmaster Okawaru
  1694 | D:3      | Found a faded altar of an unknown god.
  1985 | D:4      | Reached XP level 5. HP: 36/47 MP: 4/4
  2201 | D:4      | Reached skill level 5 in Axes
  2418 | D:4      | Reached XP level 6. HP: 54/55 MP: 5/5
  2423 | D:4      | Found an iron altar of Okawaru.
  2499 | D:4      | Found a burning altar of Makhleb.
  2589 | D:4      | Found a blossoming altar of Fedhas.
  2653 | D:5      | Entered Level 5 of the Dungeon
  2657 | D:5      | Reached skill level 1 in Dodging
  2667 | D:5      | Reached * piety under Okawaru
  2667 | D:5      | Reached skill level 5 in Fighting
  2667 | D:5      | Reached skill level 6 in Axes
  2746 | D:5      | HP: 1/56 [wight/long sword (2)]
  2746 | D:5      | Slain by an orc priest

Vault maps used:
D:1:      onia_arrival_pyramid, minmay_rat_gold_closets
D:2:      dancing_weapons_uskayaw, first_ration, minmay_misc_feat_ornament,
          corexii_item_surrounded_by_moat, hangedman_abyss_or_decor_stabs
D:3:      chequers_ecumenical_altar_simple, okawaru_metal_pillars_1_2
D:4:      marbit_many_paths, fedhas_altar_1, bloody_makhleb

Skill      XL: |  1  2  3  4  5  6 |
---------------+-------------------+-----
Fighting       | 4 5 |  5.1
Armour         | 4 |  4.7
Axes           | 3 4 5 6 |  6.5
Shields        | 4 |  4.7
Dodging        | 1 |  1.1

Action                   |  1- 3 |  4- 6 || total
-------------------------+-------+-------++-------
Melee: War axe           |    82 |   123 ||   205
       Headbutt          |    13 |    11 ||    24
  Eat: Chunk             |       |     4 ||     4
Armor: Scale mail        |    56 |    78 ||   134
Dodge: Dodged            |    37 |    50 ||    87
Block: Shield            |    56 |    83 ||   139

Table legend:
 A = Spawn XP
 B = Non-spawn XP
 C = Spawn XP percentage of total XP
 D = Spawn monster count
 E = Non-spawn monster count
 F = Spawn count percentage of total count
 G = Total turns spent on level
                    A         B        C        D         E        F      G
               +---------+---------+-------+---------+---------+-------+---------
         Total |       0 |     644 |   0.0 |       0 |     104 |   0.0 |  2746
               +---------+---------+-------+---------+---------+-------+---------
           D:1 |       0 |      57 |   0.0 |       0 |      36 |   0.0 |   645
           D:2 |       0 |      85 |   0.0 |       0 |      24 |   0.0 |   575
           D:3 |       0 |      51 |   0.0 |       0 |      22 |   0.0 |   736
           D:4 |       0 |     204 |   0.0 |       0 |      17 |   0.0 |   697
           D:5 |       0 |     247 |   0.0 |       0 |       5 |   0.0 |    93
               +---------+---------+-------+---------+---------+-------+---------
